Description

* Standard 3-base opening *

  • Add an evo, then another evo a bit later
  • +1 melee, +1 carapace, then Lair (all off 1 gas)
  • Make a shit-tonne of lings off just below 2-base mineral saturation
  • Nonstop ling attack from multiple angles
  • Mix drones in at times
  • @Lair -
  • +2 melee
  • 2nd gas
  • Spire
  • 5-7 mutas
  • Fast 4th base and even 5th if you have minerals
  • Never take gas until super lategame - just keep massing lings and always be ready to basetrade

    - You can even tear down a full roach warren evo wall and smash through - it’s disgusting :D

VOD

https://youtu.be/5YEhhVAnIeg

Replay - MASS Ling Style

Build Order

Get SALT Encoding   

  12  0:02  Drone  
  13  0:12  Overlord  
  13  0:18  Drone  
  14  0:31  Drone x3  
  17  0:52  Hatchery  
  17  0:56  Drone  
  17  1:05  Drone  
  17  1:10  Extractor  
  17  1:18  Spawning Pool  
  16  1:21  Drone x2  
  18  1:30  Drone  
  19  1:42  Overlord  
  20  2:04  Queen x2  
  20  2:05  Zergling x4  
  26  2:13  Zergling x4  
  27  2:17  Metabolic Boost  
  28  2:48  Evolution Chamber  
  32  3:05  Overlord  
  32  3:16  Zerg Melee Weapons Level 1  
  32  3:19  Hatchery  
  30  3:27  Zergling x6  
  34  3:34  Zergling x6  
  36  3:42  Overlord  
  40  4:06  Evolution Chamber  
  44  4:16  Baneling Nest  
  42  4:29  Spine Crawler  
  50  5:27  Baneling x3  
  48  5:30  Zerg Ground Armor Level 1  
  48  5:32  Baneling x3  
  48  5:40  Baneling x3  
  51  6:09  Overlord, Baneling  
  51  6:12  Hatchery  
  41  6:37  Hatchery  
  45  6:48  Hatchery  
  50  7:12  Lair  
  53  7:27  Extractor  
  53  7:51  Spine Crawler  
  58  8:00  Spine Crawler x3  
  55  8:12  Spine Crawler  
  54  8:18  Spire  
  53  9:15  Hatchery  
  51  9:29  Mutalisk x5  
  54  9:51  Extractor x2  
Spawning Tool Build Advisor. Get it on Overwolf

Analysis

https://www.youtube.com/watch?v=pz_nTS1W0EQ (in this vod he gets a much bigger econ up than i want - normally i can deny the 3rd/massacre workers on all 3 bases - but this shows higher up the tech tree variation)

Go to:

Details

  • Created by: PiG      
  • Published on: Aug 11, 2019
  • Patch: 4.7.1
Show
View Real Time Build Order
Export as new Build Order

Comments (0)

There are no comments. Be the first!

Create an account to comment!